 Dungeon Crawl Stone Soup version 0.31-a0-1156-g12f98b2 (webtiles) character file.

Game seed: 8564017185264305925

1 PidgeyThePirate the Gusty (level 1, 0/10 HPs)
             Began as a Tengu Air Elementalist on Dec 7, 2023.
             Slain by a jackal (1 damage)
             ... on level 1 of the Dungeon.
             The game lasted 00:00:16 (13 turns).

PidgeyThePirate the Gusty (Tengu Air Elementalist)    Turns: 13, Time: 00:00:16

Health: 0/10       AC:  2    Str:  8    XL:     1   Next: 20%
Magic:  2/4        EV: 12    Int: 15    God:
Gold:   0          SH:  0    Dex: 14    Spells: 3/4 levels left

rFire   . . .        (no weapon)
rCold   . . .        (no shield)
rNeg    . . .        a - +0 robe
rPois   .            (helmet restricted)
rElec   .            (no cloak)
rCorr   .            (no gloves)
SInv    .            (boots unavailable)
Will    .....        (no amulet)
Stlth   ++           (no ring)
HPRegen 0.21/turn    (no ring)
MPRegen 0.09/turn

%: acrobat
@: no status effects
A: beak, talons 3, acrobatic
a: no special abilities


You were on level 1 of the Dungeon.
You visited 1 branch of the dungeon, and saw 1 of its levels.

Inventory:

Armour
 a - a +0 robe (worn)


   Skills:
 + Level 2.1 Dodging
 + Level 2.0 Stealth
 + Level 2.0 Spellcasting
 + Level 1.3 Conjurations
 + Level 4.1 Air Magic


You had 3 spell levels left.
You knew the following spells:

 Your Spells              Type           Power      Damage    Failure   Level
a - Shock                 Conj/Air       36%        1d5       7%          1

Your spell library contained the following spells:

 Spells                   Type           Power      Damage    Failure   Level
 Static Discharge         Conj/Air       18%        3-4/arc   11%         2
 Swiftness                Air            13%        N/A       12%         3
 Airstrike                Air            6%         2d(1-17)  38%         4


Dungeon Overview and Level Annotations

Branches:
Dungeon (1/15)

Altars:


Innate Abilities, Weirdness & Mutations

You have a beak for a mouth.
You have claws for feet.
You can magically evade attacks while moving or waiting.


Message History

The zap hits the jackal.
The jackal is moderately wounded.
The jackal bites you.
Something bites the plant.
The plant begins to die.
The goblin closely misses you.
Unknown command.
Casting: Shock (safe; 7% risk of failure)
Confirm with . or Enter, or press ? or * to list all spells.
Aiming: Shock (safe; 7% risk of failure)
Press: ? - help, Shift-Dir - straight line, f/p - jackal
Aim: a jackal (moderately wounded, 60% to hit)
The zap hits the jackal.
The jackal is almost dead.
The zap hits the jackal.
The jackal is lightly wounded.
The jackal completely misses you.
Something bites the plant.
The goblin hits you with a +0 club. Magic courses through your body.
The jackal bites the plant.
The jackal bites you. The jackal closely misses you.
The goblin hits you with a +0 club.
* * * LOW HITPOINT WARNING * * *
Casting: Shock (safe; 7% risk of failure)
Confirm with . or Enter, or press ? or * to list all spells.
Aiming: Shock (safe; 7% risk of failure)
Press: ? - help, Shift-Dir - straight line, f/p - jackal
Aim: a jackal (almost dead, 60% to hit)
The zap hits the jackal.
The jackal is heavily wounded.
The zap misses the jackal.
The jackal bites the plant.
The jackal closely misses you. The goblin hits you with a +0 club.
* * * LOW HITPOINT WARNING * * *
Casting: Shock (safe; 7% risk of failure)
Confirm with . or Enter, or press ? or * to list all spells.
Aiming: Shock (safe; 7% risk of failure)
Press: ? - help, Shift-Dir - straight line, f/p - jackal
Aim: a jackal (almost dead, 60% to hit)
The zap hits the jackal.
You kill the jackal!
The jackal bites you but does no damage.
The jackal closely misses you. x2; The jackal bites you.
You die...

###### #....#
########....####
................
#...(.........#
##..w♣w....#....
##. ♣.P......#
#...♣♣♣♣.g....#
....♣..h@hP♣..♣
......P.P.....♣#
....P.....P..PP#
PP..........♣..#
...P...<...P...#
..P.........♣..#
P.P.P.....P.P♣...
...P..P.P...P..#.
...^♣..........#


You could see a dart slug, 2 jackals and a goblin.

Vanquished Creatures
  2 jackals (D:1)
2 creatures vanquished.

Notes
Turn   | Place    | Note
-------+----------+-------------------------------------------
     0 | D:1      | PidgeyThePirate the Tengu Air Elementalist began the quest
                  | for the Orb.
     0 | D:1      | Reached XP level 1. HP: 10/10 MP: 4/4
    13 | D:1      | Slain by a jackal

Illustrated notes

Levels and vault maps discovered:
D:1:      wander_arrival_fairy_ring, layout_basic,
          shapermc_ecumenical_altar_acropolis, chequers_serial_rivers_room_b,
          nicolae_concentric_dashed_squares_mild, corexii_hall_statues_i,
          chequers_serial_rivers_micro_d

Action                     || total
---------------------------++-------
   Cast: Shock             ||     6
    Use: Potion            ||     1
 Armour: Robe              ||     8
  Dodge: Dodged            ||     6

Table legend: (Time is in decaauts)
 A = Elapsed time spent in this place.
 B = Non-inter-level travel time spent in this place.
 C = Inter-level travel time spent in this place.
 D = Time resting spent in this place.
 E = Time spent auto-exploring this place.
 F = Levels seen in this place.
 G = Mean time per level.
                   A        B        C        D        E       F      G
               +--------+--------+--------+--------+--------+-----+--------+
         Total |     13 |     13 |      0 |      0 |      1 |   1 |   13.0 |
       Dungeon |     13 |     13 |      0 |      0 |      1 |   1 |   13.0 |
               +--------+--------+--------+--------+--------+-----+--------+

Top non-repeatable levels by time:
     D:1: 13 daAuts
